[Event "Live Chess"]
[Site "Chess.com"]
[Date "2024.06.01"]
[Round "-"]
[White "ACM42"]
[Black "FlyingChessKestrel13"]
[Result "0-1"]
[WhiteElo "2161"]
[BlackElo "2078"]
[TimeControl "300"]
[EndTime "14:56:32 PDT"]
[Termination "FlyingChessKestrel13 won by resignation"]

1. e4 e5 2. Nf3 Nf6 3. Nxe5 d6 4. Nf3 Nxe4 5. d3 Nf6 6. d4 d5 7. Bd3 Bd6 8. O-O O-O 9. h3 c6 10. Nbd2 Nbd7 11. b3 Re8 12. c4 Nf8 13. Re1 Ne6 14. Bb2 Nf4 15. Bf1 Bf5 16. Ne5 Bxe5 17. dxe5 Ne4 18.
Nxe4 Bxe4 19. g3 Ng6 20. f3 Bf5 21. g4 Bd7 22. cxd5 cxd5 23. Qxd5 Qe7 24. Rad1 Bc6 25. Qd3 Qh4 26. Qe3 Qg3+ 27. Kh1 Bxf3+ 0-1

[Event "Live Chess"]
[Site "Chess.com"]
[Date "2024.06.01"]
[Round "-"]
[White "JohanKjeldahl"]
[Black "BishopofWells"]
[Result "1-0"]
[WhiteElo "1881"]
[BlackElo "1551"]
[TimeControl "300"]
[EndTime "14:56:40 PDT"]
[Termination "JohanKjeldahl won by resignation"]

1. e4 e6 2. d4 d5 3. Nd2 Nf6 4. e5 Nfd7 5. Bd3 c5 6. c3 Qb6 7.
Ne2 Nc6 8. Nf3 cxd4 9. cxd4 Bb4+ 10. Kf1 h6 11. a3 Be7 12. b4 O-O 13. Be3 a6 14.
Rc1 Qd8 15. h4 f6 16. exf6 Bxf6 17. Nf4 Qe8 18. Bg6 Qe7 19. Qd3 e5 20. Bh7+ Kh8 21. Ng6+ Kxh7 22. Nxe7+ Kh8 23. Ng6+ Kg8 24. dxe5 Rf7 25.
e6 Nde5 26. exf7+ Kxf7 27. Qxd5+ Be6 28. Ngxe5+ Ke7 29. Nxc6+ bxc6 30. Qc5+ Kf7 31. Qxc6 Rc8 32. Qb7+ Kg6 33. Rxc8 1-0

[Event "Live Chess"]
[Site "Chess.com"]
[Date "2024.06.01"]
[Round "-"]
[White "MagnersCarlsberg2870"]
[Black "koekoekoe"]
[Result "1-0"]
[WhiteElo "1763"]
[BlackElo "1995"]
[TimeControl "300"]
[EndTime "14:57:00 PDT"]
[Termination "MagnersCarlsberg2870 won by checkmate"]

1. Nf3 d5 2. e4 dxe4 3. Ng5 Nf6 4.
d3 exd3 5. Bxd3 Nc6 6. Nc3 Bg4 7. f3 Bh5 8. Bf4 e5 9. Qe2 Bd6 10. O-O-O O-O 11. g4 exf4 12. gxh5 Nxh5 13. Rhg1 Nf6 14. Nce4 h6 15. Nxf6+ Qxf6 16. Ne4 Qd4 17. Qg2 Be5 18.
c3 Qe3+ 19. Kb1 Rad8 20. Bc2 Rxd1+ 21. Rxd1 Rd8 22. Rg1 f5 23. Bb3+ Kf8 24. Qg6 Qd3+ 25.
Ka1 Qd7 26. Qh7 fxe4 27. Qg8+ Ke7 28. Qf7+ Kd6 29. Rd1+ Bd4 30. Qxf4+ Ke7 31. Qf7+ Kd6 32.
Qd5+ Ke7 33. Qxe4+ Kf8 34. Qf4+ Ke7 35. cxd4 Rf8 36. Qh4+ g5 37. Qxh6 Qf5 38. Re1+ Kd8 39. d5 Nd4 40. d6 Qf6 41. dxc7+ Kc8 42. Qh3+ Kxc7 43. Rc1+ Nc6 44. Qg3+ Qf4 45. Qg1 Qxf3 46. Qc5 Qf5 47. Qe7+ Kb8 48. Qd6+ Ka8 49. Be6 Qf4 50. Qc5 Qc7 51. Qxf8+ Nb8 52. Rxc7 a6 53. Rc8 Ka7 54.
Rxb8 Kb6 55. Qd8+ Kb5 56. Qd5+ Kb6 57. Qd6+ Ka5 58. Rxb7 Ka4 59. Qb4# 1-0

[Event "Live Chess"]
[Site "Chess.com"]
[Date "2024.06.01"]
[Round "-"]
[White "f4nomore"]
[Black "BearFromUkraine"]
[Result "1-0"]
[WhiteElo "1253"]
[BlackElo "1038"]
[TimeControl "300"]
[EndTime "14:57:01 PDT"]
[Termination "f4nomore won by resignation"]

1. d4 d5 2. Nc3 Nc6 3. Nf3 Nf6 4. e3 a6 5. Be2 e6 6. O-O Bb4 7. Bd2 O-O 8. a3 Bxc3 9. Bxc3 Bd7 10. Bd2 Re8 11.
h3 e5 12. dxe5 Nxe5 13. Nxe5 Rxe5 14. c4 dxc4 15. Bxc4 Re8 16. Qb3 Be6 17. Bxe6 Rxe6 18. Bc3 b6 19. Rad1 Qc8 20. Rd3 Ne4 21. Rfd1 Rd6 22.
Rxd6 cxd6 23. Bd4 Nc5 24. Qd5 Qc7 25. Qxa8+ 1-0

[Event "Live Chess"]
[Site "Chess.com"]
[Date "2024.06.01"]
[Round "-"]
[White "CCGoodKnightRookie"]
[Black "Pablo_dmp"]
[Result "1-0"]
[WhiteElo "2364"]
[BlackElo "2006"]
[TimeControl "300"]
[EndTime "14:57:17 PDT"]
[Termination "CCGoodKnightRookie won by resignation"]

1. d4 Nf6 2. Nc3 c5 3. d5 e6 4. e4 Be7 5. d6 Bf8 6. e5 Ng8 7. f4 f6 8. Bd3 Nh6 9. Nb5 Na6 10.
Qh5+ g6 11. Qh3 f5 12. Nf3 b6 13. Be3 Bb7 14. Bf2 Rc8 15. Bh4 1-0

[Event "Live Chess"]
[Site "Chess.com"]
[Date "2024.06.01"]
[Round "-"]
[White "lestmak"]
[Black "LL220284LL"]
[Result "0-1"]
[WhiteElo "527"]
[BlackElo "2531"]
[TimeControl "300"]
[EndTime "14:57:54 PDT"]
[Termination "LL220284LL won by checkmate"]

1. e4 e5 2. Nf3 d5 3. Nxe5 dxe4 4. Qf3 exf3 5. d4 Qxd4 6. Nxf7 Kxf7 7. Bf4 Qxf4 8. Bc4+ Qxc4 9. gxf3 Bb4+ 10. Kd1 Nf6 11. Nd2 Rd8 12. b3 Rxd2+ 13. Kc1 Qxc2# 0-1

[Event "Live Chess"]
[Site "Chess.com"]
[Date "2024.06.01"]
[Round "-"]
[White "NAZRIZ1977"]
[Black "gobbles19"]
[Result "1-0"]
[WhiteElo "2150"]
[BlackElo "2254"]
[TimeControl "300"]
[EndTime "14:58:00 PDT"]
[Termination "NAZRIZ1977 won on time"]

1. e4 Nf6 2. e5 Nd5 3. Nf3 d6 4. exd6 cxd6 5. d4 g6 6. Be2 Bg7 7. O-O O-O 8. h3 Nc6 9. b3 e5 10. Bb2 e4 11. Ne1 e3 12. c4 exf2+ 13. Rxf2 Ne3 14.
Qd2 Re8 15. d5 Bxb2 16. Qxb2 Ne5 17. Nc2 Nxc2 18. Qxc2 Bf5 19. Qd2 Qh4 20. Nc3 a6 21.
Raf1 Re7 22. c5 Rd8 23. c6 bxc6 24. dxc6 Be6 25. Nd5 Bxd5 26. Qxd5 Rc8 27. Bxa6 Rxc6 28. Bc4 Rcc7 29. Bb5 Kg7 30. Qxd6 f5 31. Re2 Qg3 32. Qd4 Kf8 33. Qf2 Qc3 34. Rfe1 Rb7 35. a4 Rxb5 36. axb5 Nd3 37. Rxe7 Nxf2 38. Kxf2 Qc5+ 39. Kf3 Qxb5 40. R7e3 Qd5+ 41. Kf2 Qd4 42. Kf1 Kg7 43. R3e2 h5 44.
Rb1 Qb4 45. Reb2 h4 46. Rc2 Kh6 47. Rc4 Qb5 48. Rc1 Qxb3 49. Rxh4+ Kg5 50. Rhc4 Qd3+ 51.
Kg1 Qe3+ 52. Kh1 f4 53. h4+ Kxh4 54. R4c3 Qe6 55. Rh3+ Kg4 56. Rf3 Qg8 57. Rcf1 g5 58. Kg1 Qh7 59. Rd3 Qa7+ 60. Kh1 Qa6 61. Rfd1 Qh6+ 62. Kg1 Qe6 63. Kf1 Qe2+ 64. Kxe2 Kf5 65. Rf3 g4 66. Rf2 g3 67. Rf3 Kg4 68. Rdf1 Kf5 69.
Rxf4+ Ke5 70. R1f3 Kd5 71. Rxg3 Ke5 72. Ra4 Kf5 73. Rb3 Ke5 74. Rb5+ Kd6 75. Rh5 Kc6 76. Ra6+ Kb7 77. Rg6 Kc7 78. Rh7+ 1-0

[Event "Live Chess"]
[Site "Chess.com"]
[Date "2024.06.01"]
[Round "-"]
[White "GEMdzq"]
[Black "e4evr"]
[Result "0-1"]
[WhiteElo "2299"]
[BlackElo "2280"]
[TimeControl "300"]
[EndTime "14:58:02 PDT"]
[Termination "e4evr won by resignation"]

1. e4 Nc6 2. Bc4 e6 3. Nf3 d5 4. exd5 exd5 5. Bb5 Bd6 6. O-O Ne7 7. d4 Bg4 8. h3 Bh5 9. Bg5 Qd7 10. Bxc6 bxc6 11. Re1 f6 12. Bd2 O-O 13. Nc3 Nf5 14. g4 Nh6 15. Bxh6 Bxg4 16. hxg4 Qxg4+ 17. Kf1 Qh3+ 18. Ke2 Qxh6 19. Rh1 Rfe8+ 20. Ne5 Qf4 21. Qd3 fxe5 22.
Qxh7+ Kf8 23. Qh8+ Ke7 24. Qxg7+ Kd8 25. Rh7 exd4+ 26. Kf1 Kc8 27. Ne2 Qf5 28. Nxd4 Qe4 29. Qd7+ Kb8 30. Nxc6+ Kb7 31. Na5+ Ka6 32. Qc6+ Kxa5 33.
b4+ Qxb4 34. Qxd5+ Qb5+ 35. Qxb5+ Kxb5 36. Rb1+ Kc6 37. Rh3 Rab8 38. Rbb3 Rxb3 39. axb3 Re5 40. Rh8 a5 41. Ra8 Bc5 42. Rxa5 Rf5 43. Ke2 Rxf2+ 44. Kd3 Rf3+ 45. Ke2 Rc3 46. Kd1 Bb4 47. Rh5 Re3 48.
Rh1 Bc3 49. Rh6+ Kb5 50. Rh1 Kb4 51. Kc1 Ka3 52. Kb1 Re1+ 53. Rxe1 Bxe1 54. Kc1 Bc3 55.
Kb1 c6 56. Kc1 Ka2 0-1

[Event "Live Chess"]
[Site "Chess.com"]
[Date "2024.06.01"]
[Round "-"]
[White "GrahamCuthbert"]
[Black "KnightStripes"]
[Result "0-1"]
[WhiteElo "1015"]
[BlackElo "917"]
[TimeControl "300"]
[EndTime "14:58:02 PDT"]
[Termination "KnightStripes won by resignation"]

1. d4 d6 2. Bf4 Nf6 3. e3 c6 4.
Nf3 Qa5+ 5. c3 Bg4 6. Be2 Bxf3 7.
Bxf3 e5 8. dxe5 dxe5 9. Bg5 Be7 10. Qb3 b5 11. Nd2 O-O 12. Bxf6 Bxf6 13. Ne4 Be7 14. O-O Kh8 15. Qc2 Nd7 16. Rad1 Nf6 17.
Nxf6 Bxf6 18. Bxc6 Rac8 19. Be4 Qxa2 20. Bxh7 g6 21.
Bxg6 fxg6 22. Qxg6 Qf7 23. Qh6+ Qh7 24. Rd7 Qxh6 25.
Rfd1 Rg8 26. R7d6 Qg6 27. g3 Rcd8 28. Rxd8 Rxd8 29. Ra1 Rd7 30. Ra5 Qd3 0-1

[Event "Live Chess"]
[Site "Chess.com"]
[Date "2024.06.01"]
[Round "-"]
[White "Mangoalo"]
[Black "jimwad"]
[Result "0-1"]
[WhiteElo "1060"]
[BlackElo "1289"]
[TimeControl "300"]
[EndTime "14:58:33 PDT"]
[Termination "jimwad won by resignation"]

1. e4 e5 2. Nf3 Nc6 3. Bb5 Nf6 4.
Nc3 Bc5 5. O-O d6 6. d3 Bd7 7. Bg5 O-O 8. Qd2 h6 9. Bxf6 Qxf6 10. a3 Qg6 11. g3 Bh3 12. Nh4 Qf6 13. Nd5 Qd8 14.
b4 Bd4 15. Rad1 Bxf1 16. Rxf1 Bb6 17. c4 Ne7 18. Nxb6 axb6 19. Qc1 c6 20. Bxc6 bxc6 0-1

[Event "Live Chess"]
[Site "Chess.com"]
[Date "2024.06.01"]
[Round "-"]
[White "KeithArkell"]
[Black "bonantagulo"]
[Result "0-1"]
[WhiteElo "2402"]
[BlackElo "2192"]
[TimeControl "300"]
[EndTime "14:58:35 PDT"]
[Termination "bonantagulo won by resignation"]

1. d4 e6 2. Nf3 b6 3. c4 Bb7 4.
Nc3 Bb4 5. g3 Nf6 6. Bg2 Ne4 7.
Qb3 Bxc3+ 8. bxc3 O-O 9. O-O d5 10. cxd5 exd5 11. a4 Nc6 12. Ba3 Na5 13. Qc2 Re8 14. Nd2 Nxd2 15. Qxd2 Nc4 16. Qc2 Nxa3 17. Rxa3 Qe7 18. Re1 Qxa3 19. e3 c5 20. h4 Rac8 21. Qf5 Qxc3 22. Rd1 Qb3 23. Rb1 Qxa4 24. h5 h6 25. Kf1 cxd4 0-1

[Event "Live Chess"]
[Site "Chess.com"]
[Date "2024.06.01"]
[Round "-"]
[White "asingardenof"]
[Black "Rusty_Bridges"]
[Result "0-1"]
[WhiteElo "616"]
[BlackElo "1543"]
[TimeControl "300"]
[EndTime "14:58:36 PDT"]
[Termination "Rusty_Bridges won by resignation"]

1. d4 d5 2. c4 e6 3. Nf3 Nf6 4. g3 Be7 5. Bg2 c6 6. Nc3 b6 7. O-O Bb7 8. Bf4 Nbd7 9. Ne5 Nxe5 10. Bxe5 Bd6 11. Bf3 Bxe5 12. dxe5 Nd7 13. c5 Nxe5 14. Bg2 bxc5 15. e3 O-O 16. Ne2 Ba6 17. Bf3 Nxf3+ 18. Kg2 Ne5 19. f4 Bxe2 20. Qxe2 Nc4 21. b3 Nd6 22. Rab1 Ne4 23. Qg4 Nd2 24. Rfd1 Nxb1 25.
Rxb1 a5 26. a4 Rb8 27. Qd1 Rb4 28. Rc1 Qb6 29. Qd3 Rxb3 30. Qc2 c4 31. Kf3 Rb8 32. g4 Qxe3+ 33. Kg2 Qf3+ 34. Kg1 Qxg4+ 35. Kf2 Rb2 0-1

[Event "Live Chess"]
[Site "Chess.com"]
[Date "2024.06.01"]
[Round "-"]
[White "jellhhggffhjjjjjj"]
[Black "Ferrarifan27"]
[Result "0-1"]
[WhiteElo "404"]
[BlackElo "2092"]
[TimeControl "300"]
[EndTime "14:58:46 PDT"]
[Termination "Ferrarifan27 won by checkmate"]

1. e4 e5 2. Nc3 Nc6 3. Bb5 a6 4. Bxc6 dxc6 5. d3 Bb4 6. Qd2 Nf6 7. a3 Ba5 8. b4 Bb6 9. Na4 Ba7 10. Bb2 Qe7 11.
Nf3 Ng4 12. O-O f6 13. h3 Nh6 14. Bc1 O-O 15. Qc3 Nf7 16. g3 Bxh3 17. Re1 Bg4 18. Kg2 Bxf3+ 19. Kxf3 Bd4 20. Qc5 Bxc5 21. Nxc5 b6 22.
Be3 bxc5 23. Bxc5 Nd6 24. Ke3 Qe6 25. Rh1 Rf7 26. Rh2 f5 27. Rah1 h6 28. g4 fxg4 29. Rh4 Rf3+ 30. Kd2 Raf8 31. Kc3 Rxf2 32. Bxd6 cxd6 33.
Rg1 R8f4 34. a4 g3 35. Rxg3 Rxh4 36. b5 cxb5 37. axb5 axb5 38. Rxg7+ Kxg7 39. Kb4 Rxc2 40. Kxb5 Qb3+ 41. Ka5 Ra2# 0-1

[Event "Live Chess"]
[Site "Chess.com"]
[Date "2024.06.01"]
[Round "-"]
[White "NeilDruggan73"]
[Black "dhairyapandyauk"]
[Result "0-1"]
[WhiteElo "1743"]
[BlackElo "1671"]
[TimeControl "300"]
[EndTime "14:58:49 PDT"]
[Termination "dhairyapandyauk won by resignation"]

1. d4 Nf6 2. Bg5 d5 3. Bxf6 exf6 4. e3 Bd6 5. g3 Bf5 6. Bg2 c6 7.
Ne2 Nd7 8. O-O O-O 9. b3 a5 10. c4 dxc4 11. bxc4 Rc8 12. a4 b6 13. Nbc3 c5 14.
Nb5 Be7 15. e4 Bg6 16. f4 cxd4 17. Nexd4 Rxc4 18. f5 Bc5 19. fxg6 Rxd4 20. Nxd4 Ne5 21. Kh1 Bxd4 22. Rb1 fxg6 23. Qb3+ Kh8 24. Rfd1 Qd6 25. Qb5 Rd8 26. Qa6 Qc7 27. Rbc1 Bc5 28. Rxd8+ Qxd8 29. Qb7 h5 30. Qd5 Qe8 31. Rxc5 bxc5 32. Qxc5 Qxa4 33. h3 Qd1+ 34. Kh2 a4 35. Qg1 Qxg1+ 36. Kxg1 a3 0-1

[Event "Live Chess"]
[Site "Chess.com"]
[Date "2024.06.01"]
[Round "-"]
[White "Mikhail_Golubev"]
[Black "WorcesterYork"]
[Result "1-0"]
[WhiteElo "2592"]
[BlackElo "2475"]
[TimeControl "300"]
[EndTime "14:58:53 PDT"]
[Termination "Mikhail_Golubev won by checkmate"]

1. e4 c5 2. Nf3 Nc6 3. Nc3 d6 4. d4 cxd4 5. Nxd4 e5 6. Nf5 Bxf5 7. exf5 Nf6 8. Bc4 Be7 9. Bg5 Rc8 10. Bxf6 Bxf6 11.
O-O O-O 12. Ne4 Nd4 13. Bb3 d5 14. Nxf6+ Qxf6 15. c3 Nxf5 16. Qxd5 b6 17. Rfe1 Rc5 18.
Qd7 Nh4 19. Rad1 Qg5 20. Bd5 h5 21. g3 Ng6 22. Be4 h4 23. Qf5 Qxf5 24. Bxf5 hxg3 25. hxg3 Ne7 26. Bc2 g6 27. Rd7 Nc6 28. Red1 Kg7 29. R1d6 Na5 30. Rxg6+ Kh7 31. Rxb6+ Kg7 32. Rg6+ Kh8 33.
Rg4 Nc4 34. b3 Nb6 35. Rd6 f6 36. Kg2 Rxc3 37. Rd1 Rf7 38. Rh1+ Rh7 39. Rxh7# 1-0

[Event "Live Chess"]
[Site "Chess.com"]
[Date "2024.06.01"]
[Round "-"]
[White "StoreySniper"]
[Black "DylanMeyer1"]
[Result "1-0"]
[WhiteElo "2534"]
[BlackElo "1709"]
[TimeControl "300"]
[EndTime "14:59:33 PDT"]
[Termination "StoreySniper won by resignation"]

1. e4 d5 2. exd5 Qxd5 3. Nc3 Qd6 4. Nf3 Nf6 5. g3 a6 6. Bg2 g6 7. O-O Bg7 8. d4 O-O 9. Bf4 Qd8 10. Qd2 c6 11. Bh6 e6 12. Rad1 Qc7 13. Bxg7 Kxg7 14.
Qg5 b6 15. Qh4 Bb7 16. Ng5 h6 17. Nge4 Nxe4 18. Nxe4 Nd7 19. c4 Rae8 20. Rd2 f5 21. Nc3 e5 22. Rfd1 Rf7 23. d5 g5 24. Qh5 Nf6 25. Qe2 cxd5 26. Nxd5 Nxd5 27. Bxd5 Bxd5 28.
Rxd5 Ree7 29. c5 bxc5 30. Qxa6 Rf6 31. Qa8 Ref7 32. Rd8 Rf8 33. R1d7+ R6f7 34. Rxc7 Rxc7 35. Rxf8 1-0

[Event "Live Chess"]
[Site "Chess.com"]
[Date "2024.06.01"]
[Round "-"]
[White "Tushinskiy"]
[Black "Mangoalo"]
[Result "1-0"]
[WhiteElo "2238"]
[BlackElo "1060"]
[TimeControl "300"]
[EndTime "14:59:35 PDT"]
[Termination "Tushinskiy won by resignation"]

1. d4 Nf6 2. c3 g6 3. Nf3 Bg7 4. Bf4 Nc6 5. Bg3 d5 6. Nbd2 Bg4 7. Qb3 b6 8. e3 Qd7 9. Bb5 O-O-O 10. Ne5 Nxe5 11.
Bxd7+ Rxd7 12. dxe5 1-0

[Event "Live Chess"]
[Site "Chess.com"]
[Date "2024.06.01"]
[Round "-"]
[White "cymbalshift"]
[Black "upoe610"]
[Result "1-0"]
[WhiteElo "1652"]
[BlackElo "2196"]
[TimeControl "300"]
[EndTime "14:59:38 PDT"]
[Termination "cymbalshift won by checkmate"]

1. d4 Nf6 2. c4 e6 3. Nc3 Bb4 4. a3 Bxc3+ 5. bxc3 c5 6. e3 b6 7. Bd3 Bb7 8. f3 d6 9. Ne2 Nbd7 10. e4 e5 11. O-O Ba6 12. f4 Rc8 13. fxe5 dxe5 14. Bg5 cxd4 15. cxd4 Bxc4 16. Bxc4 Rxc4 17.
dxe5 Nxe5 18. Qxd8+ Kxd8 19. Bxf6+ gxf6 20. Rxf6 Ke7 21. Rf5 f6 22. Ng3 Rd8 23. Raf1 Ng4 24. R5f3 Rd2 25. h3 Rcc2 26. Nf5+ Kd7 27. Rg3 Ne5 28. Rg7+ Kc6 29. a4 a5 30. Ne3 Rc3 31. Nd5 Rc4 32. Rc7+ Kd6 33. Rxf6# 1-0

[Event "Live Chess"]
[Site "Chess.com"]
[Date "2024.06.01"]
[Round "-"]
[White "Queensandpawns"]
[Black "CCGoodKnightRookie"]
[Result "0-1"]
[WhiteElo "2371"]
[BlackElo "2387"]
[TimeControl "300"]
[EndTime "14:59:49 PDT"]
[Termination "CCGoodKnightRookie won by checkmate"]

1. e4 Nf6 2. e5 Nd5 3. c4 Nb6 4. a4 a5 5. Ra3 d6 6. exd6 exd6 7. Re3+ Be7 8. d4 O-O 9. Nc3 Bg5 10. Re2 Nxc4 11.
Nf3 Bxc1 12. Qxc1 Bg4 13. Re4 Bxf3 14. gxf3 d5 15. Rg4 Re8+ 16. Kd1 Qf6 17. Rhg1 g6 18. Rf4 Qe6 19. Bd3 Nc6 20. Rh4 Nb4 21. Qh6 Nxd3 22.
Qxh7+ Kf8 23. Nxd5 Qe2# 0-1

[Event "Live Chess"]
[Site "Chess.com"]
[Date "2024.06.01"]
[Round "-"]
[White "Duke_of_Bebington"]
[Black "Plato_77"]
[Result "1-0"]
[WhiteElo "1644"]
[BlackElo "1329"]
[TimeControl "300"]
[EndTime "14:59:58 PDT"]
[Termination "Duke_of_Bebington won by resignation"]

1. e4 e6 2. d4 d5 3. Nd2 c5 4. exd5 Qxd5 5. dxc5 Bxc5 6. Ngf3 Nf6 7. Bc4 Qd8 8. O-O Nc6 9. Re1 O-O 10.
Nf1 a6 11. Be3 Be7 12. a3 b5 13. Ba2 Bb7 14. Qe2 Qc7 15. Rad1 Rad8 16. Ng3 Rxd1 17. Rxd1 Rd8 18. Bb1 Ne5 19. Nxe5 Qxe5 20. c3 Rxd1+ 21. Qxd1 Nd5 22. Qd3 Nxe3 23. Qxh7+ 1-0

[Event "Live Chess"]
[Site "Chess.com"]
[Date "2024.06.01"]
[Round "-"]
[White "McFim"]
[Black "Dhaydon19"]
[Result "0-1"]
[WhiteElo "1622"]
[BlackElo "2677"]
[TimeControl "300"]
[EndTime "15:00:05 PDT"]
[Termination "Dhaydon19 won by resignation"]

1. e4 c6 2. d4 d5 3. exd5 cxd5 4.
Bd3 Nf6 5. c3 Nc6 6. Bf4 g6 7. Nf3 Bf5 8. O-O Bxd3 9. Qxd3 Bg7 10. h3 O-O 11. Nbd2 e6 12. Rfe1 Rc8 13. Qe3 Nh5 14.
Bg5 Qc7 15. Bh6 Rce8 16. Bxg7 Nxg7 17. Qd3 Nh5 18. Qe3 Kg7 19. Qg5 Nf4 20. Re3 f6 21. Qg3 e5 22. Rae1 e4 23. Nh2 Re7 24. h4 f5 25. c4 Nxd4 26. cxd5 Nxd5 27. Qxc7 Rxc7 28. Ra3 Nc2 0-1

[Event "Live Chess"]
[Site "Chess.com"]
[Date "2024.06.01"]
[Round "-"]
[White "Capybaras_r_happybaras"]
[Black "hapehansen"]
[Result "0-1"]
[WhiteElo "1066"]
[BlackElo "2271"]
[TimeControl "300"]
[EndTime "15:00:09 PDT"]
[Termination "hapehansen won on time"]

1. e4 d5 2. Nf3 dxe4 3. Ne5 Nf6 4.
Nc3 Nbd7 5. d4 exd3 6. Nxd3 e6 7. Bg5 Be7 8. Bxf6 Nxf6 9. Ne5 Qxd1+ 10. Rxd1 O-O 11.
Bd3 c6 12. O-O Rd8 13. Rfe1 Bd7 14. Nxd7 Rxd7 15. Ne4 Nxe4 16. Bxe4 Rad8 17. Rxd7 Rxd7 18.
c4 Bf6 19. b4 Rd2 20. a4 Bd4 21.
g3 Bxf2+ 22. Kg2 Bxe1+ 23. Kh3 Rd4 24. Bxh7+ Kxh7 0-1

[Event "Live Chess"]
[Site "Chess.com"]
[Date "2024.06.01"]
[Round "-"]
[White "booktrunk"]
[Black "bez2104"]
[Result "1-0"]
[WhiteElo "1448"]
[BlackElo "1541"]
[TimeControl "300"]
[EndTime "15:00:09 PDT"]
[Termination "booktrunk won by checkmate"]

1. d4 Nf6 2. Bf4 d6 3. Nc3 g6 4. e4 Bg7 5. e5 dxe5 6. Bxe5 O-O 7. Nf3 Bg4 8. Be2 Nbd7 9. Bg3 c6 10. O-O Nh5 11.
Nd2 Nxg3 12. fxg3 Bxe2 13. Qxe2 Bxd4+ 14. Kh1 Bxc3 15. bxc3 e6 16. Rad1 Qc7 17. Ne4 Qe5 18. Qd3 Nb6 19. Rde1 Qb5 20. Qd4 e5 21. Qd6 Rad8 22.
Qf6 Nd7 23. Qh4 Kg7 24. Ng5 h6 25. Rxf7+ Rxf7 26. Nxf7 Kxf7 27. Qxd8 c5 28. h3 Qc6 29. Kg1 c4 30. Rf1+ Kg7 31. Qe7+ Kh8 32. Qe8+ Kh7 33. Rf7# 1-0

[Event "Live Chess"]
[Site "Chess.com"]
[Date "2024.06.01"]
[Round "-"]
[White "anatoliy10912"]
[Black "dmitro74"]
[Result "0-1"]
[WhiteElo "1730"]
[BlackElo "1791"]
[TimeControl "300"]
[EndTime "15:00:21 PDT"]
[Termination "dmitro74 won on time"]

1. e4 e6 2. d4 d5 3. exd5 exd5 4.
c4 Nf6 5. Nc3 c6 6. h3 Bd6 7.
Nf3 O-O 8. cxd5 Re8+ 9. Be3 Nxd5 10. Nxd5 cxd5 11. Bd3 Bb4+ 12. Nd2 Nc6 13. O-O Qf6 14.
Nf3 Bf5 15. a3 Bd6 16. Bxf5 Qxf5 17. Qb3 Qd7 18. Rac1 Na5 19. Qd3 Nc4 20. Rc2 Rac8 21.
Rfc1 Nxe3 22. fxe3 Rxc2 23. Rxc2 h6 24. Nh4 Bb8 25.
Nf5 Re4 26. Rf2 Kh7 27. Rf3 g6 28. Ng3 Re6 29. Nh5 Qe7 30. Nf4 Bxf4 31. Rxf4 f5 32.
Kf2 Qc7 33. Qb3 Qc6 34. Kg3 b5 35. Rf2 Qc4 36. Qxc4 Rxe3+ 37. Kf4 Re4+ 38. Kf3 bxc4 39. Rc2 Kg7 40. Rd2 Kf6 41. g3 g5 42. g4 f4 43. Rd1 Re3+ 44. Kg2 Re2+ 45. Kf3 Rxb2 0-1

[Event "Live Chess"]
[Site "Chess.com"]
[Date "2024.06.01"]
[Round "-"]
[White "MagnersCarlsberg2870"]
[Black "f4nomore"]
[Result "1-0"]
[WhiteElo "1764"]
[BlackElo "1252"]
[TimeControl "300"]
[EndTime "15:00:53 PDT"]
[Termination "MagnersCarlsberg2870 won by checkmate"]

1. d4 g6 2. e4 Bg7 3. Nf3 d6 4. h3 Nd7 5. Nc3 b6 6. Bc4 e6 7. O-O Bb7 8. Bg5 Ne7 9. Re1 O-O 10. Qd2 Qe8 11. Bh6 d5 12. exd5 exd5 13. Nxd5 Bxd5 14. Bxd5 Rb8 15. Bxg7 Kxg7 16. Bc6 Qd8 17. Bxd7 Qxd7 18. Ne5 Qb5 19. c4 Qa6 20. Nd7 Nf5 21. Nxb8 Rxb8 22.
b3 Rd8 23. d5 c6 24. Qc3+ f6 25. g4 Nh4 26. Re7+ Kh6 27. Qxf6 Nf3+ 28. Qxf3 cxd5 29.
Qf4+ g5 30. Qf6# 1-0

[Event "Live Chess"]
[Site "Chess.com"]
[Date "2024.06.01"]
[Round "-"]
[White "Rusty_Bridges"]
[Black "jellhhggffhjjjjjj"]
[Result "1-0"]
[WhiteElo "1543"]
[BlackElo "404"]
[TimeControl "300"]
[EndTime "15:00:55 PDT"]
[Termination "Rusty_Bridges won - game abandoned"]

1. e4 d5 2. exd5 Nf6 3. Nc3 e6 4. dxe6 Bxe6 5. Nf3 Bb4 6. a3 Bc5 7. d4 Bb6 8. Bb5+ c6 9. Ba4 Nbd7 10. O-O Nd5 11. Nxd5 Bxd5 12. c3 Nf6 13. Bg5 h6 14. Bh4 Qe7 15. Re1 Ne4 16. Bxe7 Kxe7 17. Bc2 1-0

[Event "Live Chess"]
[Site "Chess.com"]
[Date "2024.06.01"]
[Round "-"]
[White "RichardABates"]
[Black "AlexanderMatlak"]
[Result "1/2-1/2"]
[WhiteElo "2255"]
[BlackElo "2429"]
[TimeControl "300"]
[EndTime "15:01:02 PDT"]
[Termination "Game drawn by repetition"]

1. d4 Nf6 2. Nf3 c5 3. d5 e6 4. c4 exd5 5. cxd5 d6 6. e4 g6 7.
h3 Bg7 8. Bd3 O-O 9. O-O Nbd7 10.
Nc3 Re8 11. Bf4 Bf8 12. Qd2 a6 13. a4 Nh5 14. Bg5 Qc7 15. Rae1 Ne5 16. Nxe5 Rxe5 17. f4 Re8 18. g4 h6 19. Bh4 Ng7 20. f5 g5 21. Bg3 f6 22. Bc4 Bd7 23.
e5 b5 24. exf6 Rxe1 25. Rxe1 bxc4 26. fxg7 Bxg7 27. Ne4 Bd4+ 28. Kh2 Bxa4 29. Nxd6 Qd7 30. Nxc4 Qb5 31. Nd6 Qxb2 32. Qxb2 Bxb2 33. Re6 Bb3 34. Rg6+ Kh7 35. h4 gxh4 36. Bf4 Bxd5 37. Rxh6+ Kg7 38.
Rg6+ Kh7 39. Rh6+ Kg7 40. Rg6+ Kh7 41. Rh6+ 1/2-1/2

[Event "Live Chess"]
[Site "Chess.com"]
[Date "2024.06.01"]
[Round "-"]
[White "Mangoalo"]
[Black "Queensandpawns"]
[Result "0-1"]
[WhiteElo "1060"]
[BlackElo "2371"]
[TimeControl "300"]
[EndTime "15:01:06 PDT"]
[Termination "Queensandpawns won by resignation"]

1. e4 d5 2. exd5 c6 3. Nc3 cxd5 4. d4 Nf6 5. Bg5 Nc6 6. Nf3 h6 7. Bxf6 exf6 8. Bb5 Be6 9. Bxc6+ bxc6 10. Qe2 Bd6 11.
O-O-O O-O 12. h4 Qa5 13. a3 Bxa3 14. bxa3 Qxc3 0-1

[Event "Live Chess"]
[Site "Chess.com"]
[Date "2024.06.01"]
[Round "-"]
[White "katoma"]
[Black "WelshTiger"]
[Result "1/2-1/2"]
[WhiteElo "2057"]
[BlackElo "2505"]
[TimeControl "300"]
[EndTime "15:01:07 PDT"]
[Termination "Game drawn by repetition"]

1. e4 c5 2. Nf3 d6 3. d4 cxd4 4.
Qxd4 a6 5. Be3 Nc6 6. Qb6 Qxb6 7. Bxb6 Nf6 8. Nc3 Bg4 9. Be2 Bxf3 10. Bxf3 Rc8 11.
O-O-O e6 12. Rhe1 Be7 13. a3 Ne5 14. Be2 Nc4 15. Bxc4 Rxc4 16. Rd4 Rxd4 17. Bxd4 b5 18.
a4 bxa4 19. Nxa4 Kd7 20. b3 Kc6 21. Kb2 Rb8 22. f3 Nd7 23. Ra1 a5 24. Nc3 Ra8 25.
Bxg7 Rg8 26. Bd4 Rxg2 27. Rxa5 Rxh2 28. Ra6+ Kb7 29. Ra7+ Kc6 30. Ra6+ Kb7 31. Ra7+ Kc6 32. Ra6+ 1/2-1/2

[Event "Live Chess"]
[Site "Chess.com"]
[Date "2024.06.01"]
[Round "-"]
[White "degringolade64"]
[Black "ProfessorChess101"]
[Result "0-1"]
[WhiteElo "2113"]
[BlackElo "2728"]
[TimeControl "300"]
[EndTime "15:01:12 PDT"]
[Termination "ProfessorChess101 won on time"]

1. e4 a6 2. d4 b5 3. Nf3 Bb7 4. Bd3 e6 5. Qe2 d6 6. O-O Nd7 7.
a4 b4 8. a5 Ngf6 9. c4 e5 10.
Bd2 Be7 11. dxe5 dxe5 12. Rd1 O-O 13. Bg5 Qc8 14. Nbd2 h6 15. Bxf6 Bxf6 16. Nb3 c5 17.
h4 Qc7 18. Qe3 Rfd8 19. Rd2 Rac8 20. Rad1 Nf8 21. Bb1 Ne6 22. Rd5 Bxd5 23. exd5 Nd4 24. Nbxd4 exd4 25. Qe4 g6 26. h5 Re8 27. Qg4 g5 28.
Qf5 Bg7 29. Nxg5 hxg5 30. h6 Qe5 31. Qh7+ Kf8 32. Bf5 Rcd8 33. Rd3 Qe1+ 34. Kh2 Be5+ 35. g3 Qxf2+ 36. Kh3 g4+ 37. Kxg4 Qe2+ 38. Rf3 Ke7 39. Be6 Rg8+ 40. Kh3 Qxf3 41. Qxf7+ Qxf7 0-1